 Dungeon Crawl Stone Soup version 0.31.0 (webtiles) character file.

Game seed: 11684930313925592760

18792 Esekla the Covert (level 12, -5/81 HPs)
             Began as an Octopode Delver on Jan 19, 2024.
             Was an Initiate of Gozag.
             Shot with an arrow by Nessos (17 damage)
             ... on level 2 of the Orcish Mines.
             The game lasted 01:00:11 (9525 turns).

Esekla the Covert (Octopode Delver)                 Turns: 9525, Time: 01:00:11

Health: -5/81      AC:  7    Str: 12    XL:     12   Next: 62%
Magic:  20/20      EV: 20    Int: 17    God:    Gozag
Gold:   1507       SH:  0    Dex: 13    Spells: 14/22 levels left

rFire   x . .        s - +0 dagger (venom)
rCold   + . .        (no shield)
rNeg    . . .        L - +2 hat
rPois   +            g - amulet of regeneration
rElec   .            o - +4 ring of protection
rCorr   +            y - +5 ring of evasion
SInv    .            E - ring of protection from cold
Will    +....        G - ring of wizardry
Stlth   ++++++       O - ring of Peace {rPois rF- rCorr Slay+6}
HPRegen 1.13/turn    V - +4 ring of slaying
MPRegen 0.17/turn    Q - ring of willpower
                     (no ring)

%: wizardry (x1)
@: no status effects
A: almost no armour, amphibious, 8 rings, camouflage 1, gelatinous body 1,
(nimble swimmer 1), tentacles
a: Renounce Religion, Potion Petition, Call Merchant, Bribe Branch


You were on level 2 of the Orcish Mines.
You worshipped Gozag.
Gozag was most pleased with you.
You visited 3 branches of the dungeon, and saw 13 of its levels.

You collected 2990 gold pieces.
You spent 952 gold pieces at shops.
You paid 531 gold pieces to Gozag.

Inventory:

Hand Weapons
 a - a +2 scimitar of draining
 f - a +0 scimitar of flaming
 r - the +5 spear of Jyisox {holy, +Blink}
   (You found it on level 4 of the Dungeon)

   +Blink:    It lets you blink.
 s - a +0 dagger of venom (weapon)
 w - a +2 falchion of holy wrath
Missiles
 p - 13 poisoned darts (quivered)
 A - 2 javelins
 D - 8 boomerangs
 N - a curare-tipped dart
Armour
 L - a +2 hat (worn)
 R - a +0 buckler
Jewellery
 g - an amulet of regeneration (around mantle)
 o - a +4 ring of protection (left tentacle)
 y - a +5 ring of evasion (right tentacle)
 E - a ring of protection from cold (on tentacle)
 G - a ring of wizardry (on tentacle)
 O - the ring of Peace (on tentacle) {rPois rF- rCorr Slay+6}
   (You bought it in a shop on level 5 of the Dungeon)

   [ring of resist corrosion]

   Slay+6:    It affects your accuracy & damage with ranged weapons and melee
   (+6).
   rF-:       It makes you vulnerable to fire.
   rPois:     It protects you from poison rCorr: It protects you from acid and
   corrosion.
 Q - a ring of willpower (on tentacle)
 V - a +4 ring of slaying (on tentacle)
Wands
 u - a wand of acid (6)
 H - a wand of flame (32)
 I - a wand of paralysis (8)
 T - a wand of iceblast (7)
 U - a wand of digging (7)
Scrolls
 b - 3 scrolls of fog
 c - a scroll of immolation {unknown}
 d - 2 scrolls of fear
 j - 2 scrolls of amnesia {unknown}
 n - 2 scrolls of blinking {unknown}
 q - 3 scrolls of poison {unknown}
 v - a scroll of noise {unknown}
 z - a scroll of silence {unknown}
 F - a scroll of acquirement {unknown}
 J - a scroll of enchant armour {unknown}
 M - a scroll of teleportation {unknown}
 P - a scroll of vulnerability {unknown}
Potions
 e - a potion of haste
 h - 3 potions of attraction
 i - 2 potions of invisibility {unknown}
 k - a potion of curing
 m - 2 potions of enlightenment {unknown}
 t - a potion of mutation {unknown}
 x - a potion of cancellation
 B - 3 potions of degeneration {unknown}
 C - 2 potions of brilliance {unknown}
 K - a potion of berserk rage {unknown}
 S - a potion of might


   Skills:
 * Level 7.3 Fighting
 + Level 3.0(6.7) Short Blades
 * Level 9.5(9.7) Long Blades
 + Level 4.4 Polearms
 + Level 2.6 Throwing
 * Level 6.6 Dodging
 + Level 12.3 Stealth
 * Level 1.4 Shields
 * Level 5.9 Spellcasting
 * Level 6.4 Conjurations
 * Level 5.5 Necromancy
 * Level 5.8 Translocations
 + Level 1.0 Evocations


You had 14 spell levels left.
You knew the following spells:

 Your Spells              Type           Power      Damage    Failure   Level
i - Iskenderun's Mystic   Conj/Tloc      26%        2d7       4%          4
u - Dispel Undead         Necr           23%        3d12      5%          4

Your spell library contained the following spells:

 Spells                   Type           Power      Damage    Failure   Level
 Foxfire                  Conj/Fire      64%        2x1d7     1%          1
 Kiss of Death            Conj/Necr      100%       2d13      1%          1
 Confusing Touch          Hex            5%         N/A       16%         3
 Tukima's Dance           Hex            5%         N/A       16%         3
 Dimensional Bullseye     Hex/Tloc       7%         N/A       16%         4
 Starburst                Conj/Fire      8%         6d4       88%         6
 Plasma Beam              Fire/Air       2%         2x1d12    100%        6


Dungeon Overview and Level Annotations

Branches:
Dungeon (10/15)            Temple (1/1) D:5            Lair (0/5) D:10
    Orc (2/2) D:9             Elf (0/3) Orc:2

Altars:
Ashenzari
Cheibriados
Dithmenos
Elyvilon
Fedhas
Gozag
Hepliaklqana
Kikubaaqudgha
Makhleb
Nemelex Xobeh
Okawaru
Qazlal
Ru
Sif Muna
Trog
Uskayaw
Vehumet
Wu Jian
Xom
Yredelemnul
Zin
The Shining One

Shops:
D:5 =

Annotations:
D:10 3 runed translucent doors, SUPREMEBELIEFS's ghost, novice MiBe
Orc:2 Nessos


Innate Abilities, Weirdness & Mutations

You cannot wear most types of armour.
You are amphibious.
You can wear up to eight rings at the same time.
Your skin changes colour to match your surroundings (Stealth+).
Your rubbery body absorbs attacks. (AC +1, EV +1)
((You are camouflaged when in or above water. (Stealth+)))
You have tentacles for arms and can constrict up to eight enemies at once.


Message History

Nessos closely misses you. Nessos kicks you but does no damage.
Nessos closely misses you. Nessos kicks you but does no damage.
You hear a shout! x3
You hit Nessos but do no damage.
Nessos looks as sick as possible!
Nessos is moderately wounded.
Nessos hits you but does no damage. Nessos closely misses you. Nessos hits you.
Nessos misses you.
You hit Nessos but do no damage.
Nessos is moderately wounded.
Nessos closely misses you. Nessos kicks you.
You hit Nessos. You squeeze Nessos.
Nessos is moderately wounded.
Nessos casts a spell.
Nessos blinks!
Nessos wields a +1 longbow of flaming.
It bursts into flame!
Nessos shoots an arrow.
The arrow hits you!
* * * LOW HITPOINT WARNING * * *
The arrow burns you.
* * * LOW HITPOINT WARNING * * *
Nessos casts a spell.
Nessos blinks!
Items here: )))))))) [[[[.
Nessos shoots an arrow.
The arrow closely misses you.
Nessos shoots an arrow.
The arrow hits you!
* * * LOW HITPOINT WARNING * * *
The arrow burns you.
* * * LOW HITPOINT WARNING * * *
You feel much better.
Nessos shoots an arrow.
The arrow hits you!
* * * LOW HITPOINT WARNING * * *
The arrow burns you.
You are lethally poisoned!
* * * LOW HITPOINT WARNING * * *
You feel better.
Nessos shoots an arrow.
The arrow hits you!
* * * LOW HITPOINT WARNING * * *
The arrow burns you.
You are lethally poisoned!
* * * LOW HITPOINT WARNING * * *
Nessos shoots an arrow.
The arrow misses you.
You feel better.
Nessos shoots an arrow.
The arrow hits you!
You die...
Your body crumbles into a pile of gold.

#.#.....#.....####..#
#......###.......#..#
#......#......$o.o.#
#...........ooooo.#
#....$....o..#.$.o.o.#
#
#..ยง...$#$##.......#
#.....$.###....o.o.#
##.....$### #.#o.#o.#
##....$$$#@# ###..#.o.
###......$$))## ..# .
##.......)..$c.### ..#
#>......##..))...# #
#.....###...)...#
##.#......###......#
#.........###.....##
##.#.......#.......#
##.............##


You could see Nessos (fast, very poisoned).

Vanquished Creatures
  Gastronok (D:9)
  Snorg (D:10)
  Erica (Orc:1)
  4 two-headed ogres (D:10)
  An orc high priest (Orc:2)
  Amaemon (D:10)
  Pikel (D:8)
  An orc knight (Orc:1)
  2 orc sorcerers (Orc:2)
  6 kobold blastminers
  Joseph (D:9)
  An orange demon (D:10)
  Maggie (D:8)
  An unseen horror (D:10)
  A hornet (D:8)
  A yak (D:10)
  A shadow (D:10)
  A wraith (D:10)
  A wyvern (D:9)
  A warg (Orc:1)
  An acid dragon (D:9)
  3 water moccasins
  3 black bears
  14 orc warriors
  2 sky beasts
  An ice beast (D:6)
  2 ogres
  5 centaurs
  A phantom (D:6)
  A kobold brigand (D:9)
  5 bullfrogs
  A gnoll sergeant (D:10)
  8 scorpions
  12 wights
  17 killer bees
  3 howler monkeys (D:8)
  A jelly (D:4)
  4 bombardier beetles
  2 gnoll boudas
  5 hounds
  26 orc priests
  4 iguanas
  A sleepcap (D:5)
  22 orc wizards
  13 gnolls
  8 adders
  3 ribbon worms
  A dart slug (D:4)
  59 orcs
  4 ball pythons
  7 bats
  9 endoplasms
  11 giant cockroaches
  5 hobgoblins
  2 jackals (D:3)
  7 quokkas
  2 frilled lizards
  8 goblins
  14 kobolds
  3 rats
  2 butterflies (D:10)
331 creatures vanquished.

Vanquished Creatures (others)
  An orc (Orc:1)
1 creature vanquished.

Grand Total: 332 creatures vanquished

Notes
Turn   | Place    | Note
-------+----------+-------------------------------------------
     0 | D:5      | Esekla the Octopode Delver began the quest for the Orb.
     0 | D:5      | Reached XP level 1. HP: 16/16 MP: 1/1
    24 | D:5      | Found a staircase to the Ecumenical Temple.
    31 | Temple   | Entered the Ecumenical Temple
    42 | Temple   | Became a worshipper of Gozag Ym Sagoz the Greedy
   236 | D:3      | Reached XP level 2. HP: 21/21 MP: 2/2
   315 | D:3      | Reached skill level 7 in Stealth
   365 | D:3      | Reached XP level 3. HP: 25/26 MP: 3/3
   433 | D:3      | Found an ancient bone altar of Kikubaaqudgha.
   691 | D:2      | Reached XP level 4. HP: 21/31 MP: 5/5
  1805 | D:2      | Found a faded altar of an unknown god.
  1870 | D:2      | Reached skill level 1 in Conjurations
  2075 | D:4      | Noticed a bullfrog
  2080 | D:4      | Killed a bullfrog
  2081 | D:4      | Reached skill level 1 in Spellcasting
  2081 | D:4      | Reached XP level 5. HP: 36/36 MP: 6/6
  2098 | D:4      | Learned a level 4 spell: Iskenderun's Mystic Blast
  2247 | D:4      | Reached skill level 1 in Translocations
  2285 | D:4      | Found a basalt altar of Yredelemnul.
  2297 | D:4      | Identified the +5 spear of Jyisox {holy, +Blink}
  2533 | D:4      | Reached XP level 6. HP: 42/42 MP: 7/7
  2538 | D:4      | Found a hazy altar of Hepliaklqana.
  2831 | D:4      | Reached skill level 1 in Short Blades
  2881 | D:5      | Noticed a black bear
  3033 | D:5      | Reached skill level 8 in Stealth
  3163 | D:5      | Reached XP level 7. HP: 40/47 MP: 10/10
  3193 | D:5      | Reached skill level 1 in Polearms
  3418 | D:5      | Reached skill level 1 in Throwing
  3510 | D:5      | Reached XP level 8. HP: 54/54 MP: 11/11
  3883 | D:6      | Reached skill level 9 in Stealth
  4376 | D:5      | Bought a ring of wizardry for 360 gold pieces
  4382 | D:5      | Learned a level 4 spell: Dispel Undead
  4539 | D:6      | Reached skill level 1 in Necromancy
  4637 | D:7      | Reached XP level 9. HP: 59/59 MP: 13/13
  4848 | D:7      | Found a radiant altar of Vehumet.
  5043 | D:7      | Found a broken altar of Ashenzari.
  5059 | D:7      | Found an ornate altar of the Wu Jian Council.
  5604 | D:8      | Noticed Maggie
  5604 | D:8      | Noticed a hornet
  5616 | D:8      | Noticed Pikel
  5627 | D:8      | Killed Pikel
  5628 | D:8      | Reached skill level 5 in Fighting
  5674 | D:8      | Reached skill level 10 in Stealth
  5727 | D:7      | Reached XP level 10. HP: 66/66 MP: 15/15
  6058 | D:8      | Killed Maggie
  6094 | D:8      | Paralysed by a hornet for 1 turns
  6099 | D:8      | Reached skill level 5 in Long Blades
  6105 | D:8      | Reached skill level 1 in Evocations
  6386 | D:8      | Reached skill level 5 in Dodging
  6586 | D:9      | Reached skill level 5 in Conjurations
  6666 | D:9      | Noticed Gastronok
  6805 | D:9      | Noticed Joseph
  6815 | D:9      | Killed Joseph
  6866 | D:9      | Found a staircase to the Orcish Mines.
  6914 | D:9      | Killed Gastronok
  6915 | D:9      | Reached XP level 11. HP: 39/72 MP: 16/18
  7341 | D:5      | Bought the ring of Peace {rPois rF- rCorr Slay+6} for 592
                  | gold pieces
  7451 | D:10     | Entered Level 10 of the Dungeon
  7457 | D:10     | Reached skill level 11 in Stealth
  7513 | D:10     | Found a blossoming altar of Fedhas.
  7566 | D:10     | Noticed Amaemon
  7574 | D:10     | Killed Amaemon
  7588 | D:10     | Found a runed translucent gate.
  7588 | D:10     | Found a runed translucent gate.
  7588 | D:10     | Found a runed translucent gate.
  7589 | D:10     | Noticed SUPREMEBELIEFS's ghost (novice MiBe)
  7728 | D:10     | Reached skill level 5 in Translocations
  8008 | D:10     | Noticed a two-headed ogre
  8014 | D:10     | Found a staircase to the Lair.
  8016 | D:10     | Reached skill level 5 in Spellcasting
  8017 | D:10     | Killed a two-headed ogre
  8038 | D:10     | Noticed a two-headed ogre
  8042 | D:10     | Killed a two-headed ogre
  8126 | D:10     | Noticed a two-headed ogre
  8127 | D:10     | Found a shimmering altar of Xom.
  8128 | D:10     | Killed a two-headed ogre
  8235 | D:10     | Noticed Snorg
  8239 | D:10     | Found a runed translucent door.
  8247 | D:10     | Killed Snorg
  8304 | D:10     | Found a runed translucent door.
  8353 | D:10     | Noticed a two-headed ogre
  8364 | D:10     | Killed a two-headed ogre
  8543 | Orc:1    | Entered Level 1 of the Orcish Mines
  8633 | Orc:1    | Reached skill level 5 in Necromancy
  8715 | Orc:1    | Reached XP level 12. HP: 80/80 MP: 20/20
  8740 | Orc:1    | Reached skill level 12 in Stealth
  8819 | Orc:1    | Noticed Erica
  8842 | Orc:1    | Killed Erica
  9187 | Orc:2    | Entered Level 2 of the Orcish Mines
  9190 | Orc:2    | Found a staircase to the Elven Halls.
  9365 | Orc:2    | Reached skill level 1 in Shields
  9456 | Orc:2    | Paralysed by an orc sorcerer for 3 turns
  9469 | Orc:2    | Noticed an orc high priest
  9495 | Orc:2    | Killed an orc high priest
  9510 | Orc:2    | Noticed Nessos
  9522 | Orc:2    | HP: 2/81 [Nessos/arrow (6)]
  9525 | Orc:2    | Shot with an arrow by Nessos

Illustrated notes

Levels and vault maps discovered:
D:1:      ncdulo_watergridlock, layout_basic, minmay_worlds_worst_comb
D:2:      layout_loops_ring, shapermc_ecumenical_altar_hornbeckon, serial_bayou,
          serial_bayou_lake_a, serial_bayou_ford_a, serial_bayou_crossing,
          serial_bayou_pond_e, serial_park_tiny_2
D:3:      layout_rooms, kiku_gazebo_garden_becter, minmay_ruptured
D:4:      layout_gridville, mainiacjoe_overflow_tiny_flanked, lemuel_round_altar
D:5:      layout_cave_pools, minmay_temple_entry_junction
D:6:      layout_gridville, nrook_mini_vaults, grunt_decor_mini_mirrors,
          grunt_decor_arrowhead, wad_floor_pattern_1
D:7:      layout_loops_corners, grunt_temple_overflow_open,
          mainiacjoe_overflow_six_doors_small
D:8:      layout_rooms, uniq_maggie, uniq_pikel
D:9:      layout_loops_ring, hiddenorc1_lemuel, uniq_gastronok, uniq_joseph
D:10:     lemuel_insect_pit, layout_rooms, marbit_many_paths,
          mainiacjoe_overflow_paths, ebering_ghost_rock_garden, uniq_amaemon,
          uniq_snorg
Temple:   nicolae_temple_bog_church
Orc:1:    layout_diamond_mine, basic_altar, uniq_erica
Orc:2:    st_orc_mages, layout_diamond_mine, uniq_nessos

Skill      XL: |  1  2  3  4  5  6  7  8  9 10 11 12 |
---------------+-------------------------------------+-----
Stealth        | 7 8 9 10 11 12 | 12.3
Conjurations   | 1 2 3 4 5 6 |  6.4
Spellcasting   | 1 2 3 4 5 |  5.9
Translocations | 1 2 3 4 5 |  5.8
Long Blades    | 3 4 6 8 9 |  9.5
Short Blades   | 1 2 3 |  3.0
Polearms       | 1 2 3 4 |  4.4
Dodging        | 3 4 5 6 |  6.6
Fighting       | 4 5 6 7 |  7.3
Throwing       | 1 2 |  2.6
Necromancy     | 2 3 4 5 |  5.5
Evocations     | 1 |  1.0
Shields        | 1 |  1.4

Action                     |  1- 3 |  4- 6 |  7- 9 | 10-12 || total
---------------------------+-------+-------+-------+-------++-------
  Melee: Falchion          |    49 |    42 |     5 |       ||    96
         Tentacles         |    16 |    20 |    38 |   109 ||   183
         Constrict         |    13 |    21 |    32 |    84 ||   150
         Punch             |     1 |       |       |     6 ||     7
         Dagger            |     1 |    37 |    20 |    56 ||   114
         Spear             |       |    17 |   156 |    40 ||   213
         Scimitar          |       |       |       |   300 ||   300
  Throw: Dart              |     3 |    11 |    20 |    18 ||    52
         Boomerang         |       |       |     2 |     6 ||     8
         Javelin           |       |       |     2 |       ||     2
   Cast: Iskenderun's Myst |       |       |     3 |       ||     3
 Invoke: Call Merchant     |       |       |     1 |       ||     1
Ability: Evoke Blink       |       |       |     2 |       ||     2
  Evoke: Wand              |       |       |       |     7 ||     7
    Use: Scroll            |       |       |     4 |     3 ||     7
         Potion            |       |       |       |    12 ||    12
   Stab: Sleeping          |     4 |    23 |    19 |    19 ||    65
         Distracted        |       |       |     2 |     5 ||     7
         Paralysed         |       |       |       |     2 ||     2
 Armour: Skin              |    18 |    30 |    59 |   199 ||   306
  Dodge: Dodged            |    37 |    50 |    98 |   329 ||   514
